AoeStats
← Consultio

Arabia

510199171Analyzed
1v1 RM · 14h ago on Sep 29, 2026· 73m 7s· 2 players
Game mode
Random Map
Map size
Tiny (2 player)
Population
200
Speed
Normal
Resources
Standard
Victory
Conquest
Starting age
Dark Age
Ending age
Imperial Age
RankedLock teamsTeams togetherTeam positionsShared explorationLock speedFull tech treeHidden civsTurbo modeCheats
Victory
Defeat
🇬🇧 Inca · United Kingdom
1259
+16
🇧🇷 Lithuanians · Brazil
1249
-16
Platini
6:45 Loom
6:50 Loom
9:36 Feudal Age
10:43 Horse Collar
11:42 Double-Bit Axe
19:34 Padded Archer Armor
19:56 Fletching
22:53 Castle Age
21:33 Gold Mining
22:57 Bloodlines
23:00 Scale Barding Armor
23:05 Forging
23:58 Bow Saw
25:44 Elite Skirmisher
28:49 Husbandry
30:19 Forging
32:16 Ballistics
36:08 Imperial Age
34:16 Wheelbarrow
34:21 Devotion
36:47 Leather Archer Armor
37:45 Chain Barding Armor
39:03 Iron Casting
40:18 Chemistry
39:39 Cavalier
46:54 Hoardings
50:59 Light Cavalry
53:16 Ring Archer Armor
52:42 Bodkin Arrow
57:44 Bracer
58:20 Plate Barding Armor
62:34 Conscription
72:05 Plate Barding Armor
Consultio
7:53 Loom
10:02 Feudal Age
14:22 Champi Runner
17:54 Fletching
18:17 Arson
18:29 Double-Bit Axe
23:48 Castle Age
22:59 Scale Mail Armor
24:12 Padded Archer Armor
23:58 Crossbowman
24:27 Champi Warrior
26:22 Pikeman
31:43 Horse Collar
33:06 Squires
33:03 Bodkin Arrow
34:11 Wheelbarrow
35:38 Hand Cart
35:08 Town Watch
35:19 Gold Mining
36:35 Chain Mail Armor
41:20 Imperial Age
39:20 Leather Archer Armor
39:50 Thumb Ring
40:35 Heavy Plow
40:52 Bow Saw
41:04 Ballistics
41:55 Masonry
43:30 Chemistry
41:53 Arbalester
44:01 Bracer
44:32 Plate Mail Armor
44:32 Ring Archer Armor
44:34 Elite Champi Warrior
45:52 Forging
46:17 Crop Rotation
45:23 Elite Skirmisher
47:08 Conscription
46:53 Fabric Shields
48:35 Iron Casting
48:48 Elite Kamayuk
50:18 Town Patrol
51:46 Andean Sling
56:36 Halberdier
59:55 Hoardings
58:51 Sappers
64:31 Blast Furnace
64:46 Siege Engineers
66:46 Gold Shaft Mining
73:06 Guilds
Connection lost

Rejoining the realm…

Still unreachable

The connection could not be restored.

Session expired

The server has moved on; the page needs a fresh start.